 Dungeon Crawl Stone Soup version 0.29.1-15-g9cfb28693d (webtiles) character file.

Game seed: 3234152602779820912

415 oddshapedrock the Covered (level 6, -4/56 HPs)
             Began as a Minotaur Fighter on Mar 3, 2023.
             Was a Believer of Kikubaaqudgha.
             Splashed by a jelly's acid (7 damage)
             ... on level 7 of the Dungeon.
             The game lasted 00:18:16 (2985 turns).

oddshapedrock the Covered (Minotaur Fighter)        Turns: 2985, Time: 00:18:17

Health: -4/56      AC: -3    Str: 22    XL:     6   Next: 60%
Magic:  5/5        EV: 10    Int:  5    God:    Kikubaaqudgha [**....]
Gold:   91         SH:  4    Dex: 10    Spells: 5/5 levels left

rFire   + . .      SeeInvis .   n - +2 dagger (holy)
rCold   x . .      Faith    .   c - +0 buckler
rNeg    + . .      Spirit   .   b - +0 scale mail
rPois   .          Reflect  .   (helmet restricted)
rElec   .          Harm     .   (no cloak)
rCorr   .          Rampage  .   (no gloves)
Will    .....                   m - +0 pair of boots
Stlth   ..........              (no amulet)
HPRegen 0.18/turn               i - ring of positive energy
MPRegen 0.09/turn               o - ring of fire

@: corroded
A: horns 2, retaliatory headbutt
a: Renounce Religion, Unearth Wretches


You were on level 7 of the Dungeon.
You worshipped Kikubaaqudgha.
Kikubaaqudgha was pleased with you.
You visited 1 branch of the dungeon, and saw 7 of its levels.

You collected 91 gold pieces.

Inventory:

Hand Weapons
 a - a +0 long sword
 n - a +2 dagger of holy wrath (weapon)
Missiles
 f - 5 silver javelins (quivered)
 p - 6 atropa-tipped darts
Armour
 b - a +0 scale mail (worn)
 c - a +0 buckler (worn)
 m - a +0 pair of boots (worn)
Jewellery
 i - a ring of positive energy (left hand)
 o - a ring of fire (right hand)
Scrolls
 g - 2 scrolls of blinking
 h - a scroll of amnesia {unknown}
 k - a scroll of magic mapping
 l - 3 scrolls of identify
 q - a scroll of teleportation
 s - 2 scrolls of enchant armour {unknown}
Potions
 d - 3 potions of might
 e - a potion of ambrosia {unknown}
 j - 2 potions of berserk rage {unknown}
 r - 2 potions of lignification
 t - a potion of attraction {unknown}


   Skills:
 + Level 5.0 Fighting
 + Level 2.7(3.5) Short Blades
 + Level 3.8(4.3) Long Blades
 + Level 0.2 Throwing
 + Level 5.1 Armour
 + Level 2.5 Dodging
 + Level 0.2 Stealth
 + Level 4.8 Shields


You had 5 spell levels left.
You didn't know any spells.
Your spell library contained the following spells:

 Spells                   Type           Power      Damage    Failure   Level
 Necrotise                Necr           0%         1d4       86%         1
 Vampiric Draining        Necr           0%         2d6       99%         3
 Anguish                  Hex/Necr       0%         N/A       100%        4
 Animate Dead             Necr           0%         N/A       100%        4
 Conjure Ball Lightning   Conj/Air       0%         3x3d6     100%        6
 Discord                  Hex            0%         N/A       100%        8
 Disjunction              Tloc           0%         N/A       100%        8


Dungeon Overview and Level Annotations

Branches:
Dungeon (7/15)
 Temple: D:4-7

Altars:
Kikubaaqudgha


Innate Abilities, Weirdness & Mutations

You have a pair of horns on your head.
You reflexively headbutt those who attack you in melee.


Message History

You hit the jelly but do no damage.
Your hands burn!
The jelly is heavily wounded.
The jelly hits you.
You are splashed with acid!
You hit the jelly. The acid corrodes you!
Your hands burn!
You headbutt the jelly, but do no damage.
The jelly is severely wounded.
You block the jelly's attack.
You hit the jelly but do no damage. The acid corrodes you!
Your hands burn!
The jelly is severely wounded.
The jelly barely misses you.
You hit the jelly but do no damage.
Your hands burn!
The jelly is severely wounded.
A sky beast comes into view.
The jelly hits you.
You are splashed with acid!
* * * LOW HITPOINT WARNING * * *
You barely miss the jelly.
The jelly is severely wounded.
You hit the jelly but do no damage.
Your hands burn!
* * * LOW HITPOINT WARNING * * *
The jelly is severely wounded.
The jelly closely misses you.
Hit: n) +2 dagger (holy)
Press: ? - help, Dir - move target, f - jelly
Aim: a jelly (severely wounded, about 9% to evade your +2 dagger of holy wrath)
You hit the jelly but do no damage.
Your hands burn!
* * * LOW HITPOINT WARNING * * *
The jelly is severely wounded.
The jelly misses you.
Hit: n) +2 dagger (holy)
Press: ? - help, Dir - move target, f/p - jelly
Aim: a jelly (severely wounded, about 9% to evade your +2 dagger of holy wrath)
You hit the jelly but do no damage.
Your hands burn!
* * * LOW HITPOINT WARNING * * *
You headbutt the jelly.
The jelly is almost dead.
The jelly hits you.
* * * LOW HITPOINT WARNING * * *
You are splashed with acid!
You die...
Kikubaaqudgha rasps: "You have failed me!
Welcome... death!"

.....##........
.....).........
...............
...............
...........[...
.................
.......J.........
#......@...Y...#
#)..............#
......###.......#
#.....##........##
#####.....#.........#..
##............†.........
#.......#............###
#......##...........#
#...................#


You could see a sky beast and a jelly.

Vanquished Creatures
  A phantom (D:6)
  2 necrophages
  A scorpion (D:6)
  An iguana (D:7)
  4 adders
  A white imp (D:5)
  5 worms
  4 dart slugs
  3 orcs (D:5)
  5 ball pythons
  8 bats
  An endoplasm (D:2)
  A giant cockroach (D:1)
  6 goblins
  4 hobgoblins
  3 jackals (D:1)
  8 kobolds (D:2)
  3 quokkas
  5 frilled lizards
  5 rats
71 creatures vanquished.

Vanquished Creatures (others)
  21 plants (D:2)
21 creatures vanquished.

Grand Total: 92 creatures vanquished

Notes
Turn   | Place    | Note
-------+----------+-------------------------------------------
     0 | D:1      | oddshapedrock the Minotaur Fighter began the quest for the
                  | Orb.
     0 | D:1      | Reached XP level 1. HP: 19/19 MP: 0/0
   406 | D:1      | Reached XP level 2. HP: 24/27 MP: 1/1
   792 | D:1      | Found a faded altar of an unknown god.
   799 | D:1      | Reached XP level 3. HP: 33/33 MP: 2/2
   804 | D:1      | Prayed at the altar of an unknown god.
   804 | D:1      | Became a worshipper of Kikubaaqudgha
   804 | D:1      | Reached * piety under Kikubaaqudgha
   804 | D:1      | Received a gift from Kikubaaqudgha
  1259 | D:2      | Reached skill level 1 in Dodging
  1563 | D:2      | Reached ** piety under Kikubaaqudgha
  1564 | D:2      | Reached XP level 4. HP: 40/40 MP: 3/3
  2150 | D:5      | Entered Level 5 of the Dungeon
  2231 | D:5      | Noticed a necrophage
  2241 | D:5      | Killed a necrophage
  2242 | D:5      | Reached skill level 1 in Short Blades
  2242 | D:5      | Reached XP level 5. HP: 37/46 MP: 4/4
  2305 | D:5      | Noticed a phantom
  2319 | D:6      | Killed a phantom
  2320 | D:6      | Reached XP level 6. HP: 11/53 MP: 5/5
  2876 | D:6      | Reached skill level 5 in Fighting
  2876 | D:6      | Reached skill level 5 in Armour
  2981 | D:7      | Noticed a sky beast
  2985 | D:7      | Splashed by a jelly's acid

Illustrated notes

Levels and vault maps discovered:
D:1:      dpeg_arrival_stone_temple_mockup, layout_basic,
          ebering_ecumenical_altar_abandoned
D:2:      layout_loops_ring, lexackson_kobold_supper
D:3:      layout_basic, lemuel_crystal_altar, st_stairs_3
D:4:      minmay_spotlight, layout_loops_corners, roderic_serpentine_path,
          uniq_pikel
D:5:      layout_basic, lemuel_crystal_altar, uniq_grinder, uniq_sigmund,
          uniq_duvessa
D:6:      layout_basic, temple_fountains, uniq_eustachio
D:7:      layout_cave_pools

Skill      XL: |  1  2  3  4  5  6 |
---------------+-------------------+-----
Armour         | 4 5 |  5.1
Fighting       | 4 5 |  5.0
Shields        | 4 |  4.8
Dodging        | 1 2 |  2.5
Long Blades    | 3 |  3.8
Short Blades   | 1 2 |  2.7
Throwing       | |  0.2
Stealth        | |  0.2

Action                   |  1- 3 |  4- 6 || total
-------------------------+-------+-------++-------
Melee: Long sword        |    92 |       ||    92
       Headbutt          |     9 |    26 ||    35
       Dagger            |       |   136 ||   136
Throw: Stone             |     7 |       ||     7
       Javelin           |     1 |       ||     1
  Use: Scroll            |     1 |     4 ||     5
       Potion            |       |     3 ||     3
Armor: Scale mail        |    53 |    37 ||    90
       Skin              |       |    11 ||    11
Dodge: Dodged            |    55 |    44 ||    99
Block: Buckler           |    30 |    25 ||    55
